 Dungeon Crawl Stone Soup version 0.31-a0-819-gf6de2f5ab6 (webtiles) character file.

Game seed: 896585302656502875

56 qw the Shooter (level 3, -1/23 HPs)
             Began as a Gargoyle Hunter on Sept 23, 2023.
             Slain by Sigmund
             ... wielding a +0 scythe
              (9 damage)
             ... on level 2 of the Dungeon.
             The game lasted 00:00:23 (1408 turns).

qw the Shooter (Gargoyle Hunter)                    Turns: 1408, Time: 00:00:24

Health: -1/23      AC:  7    Str: 14    XL:     3   Next: 97%
Magic:  3/3        EV: 11    Int:  9    God:
Gold:   56         SH:  0    Dex: 15    Spells: 2/2 levels left

rFire   . . .        Y - +0 shortbow
rCold   . . .        (shield currently unavailable)
rNeg    + + .        c - +0 leather armour
rPois   inf          (no helmet)
rElec   +            (no cloak)
rCorr   .            j - +0 pair of gloves
SInv    .            (no boots)
Will    .....        (no amulet)
Stlth   ++           g - ring of positive energy
HPRegen 0.23/turn    (no ring)
MPRegen 0.08/turn

%: no passive effects
@: no status effects
A: sickness immunity, AC +3, negative energy resistance 1, electricity
resistance, torment resistance 1, petrification resistance
a: no special abilities


You were on level 2 of the Dungeon.
You visited 1 branch of the dungeon, and saw 2 of its levels.

You collected 56 gold pieces.


Innate Abilities, Weirdness & Mutations

You are immune to sickness and miasma.
Your stone body is resilient. (AC +3)
You are immune to poison.
You resist negative energy. (rN+)
You are resistant to electric shocks. (rElec)
You are resistant to unholy torment.
You are immune to petrification.


   Skills:
 - Level 3.2 Fighting
 + Level 5.0 Ranged Weapons
 - Level 1.5 Dodging
 - Level 1.1 Stealth


You had 2 spell levels left.
You didn't know any spells.
Your spell library was empty.

Inventory:

Hand Weapons
 Y - a +0 shortbow (weapon)
Armour
 c - a +0 leather armour (worn)
 j - a +0 pair of gloves (worn)
Jewellery
 g - a ring of positive energy (left hand)
Scrolls
 b - a scroll of identify
Potions
 d - a potion of enlightenment
 f - a potion of might
 h - a potion of curing {unknown}
 i - a potion of heal wounds {unknown}

Dungeon Overview and Level Annotations

Branches:
Dungeon (2/15)

Altars:
Fedhas

Annotations:
D:2 Sigmund


Message History

You see here 4 stones.
You float gracefully downwards.
You see here a +0 spear.
Your enlightenment fades.
Found 3 stones.
You now have 51 gold pieces (gained 12).
Found a leather armour.
You see here a +0 leather armour.
Found 3 stones.
You now have 56 gold pieces (gained 5).
Sigmund and a dart slug come into view.
The dart slug launches a dart at you.
The slug dart hits you but does no damage.
You shoot an arrow. The arrow hits Sigmund!
Sigmund is moderately wounded.
Sigmund completely misses you.
You shoot an arrow. The arrow hits Sigmund!
Sigmund is heavily wounded.
You shoot an arrow. The arrow hits Sigmund.
Sigmund is severely wounded.
Sigmund closely misses you.
You shoot an arrow. The arrow barely misses Sigmund.
Sigmund casts a spell at you. The puff of flame hits you.
You shoot an arrow.
The arrow hits Sigmund but does no damage.
Sigmund is severely wounded.
Sigmund gestures at you while chanting.
You are confused.
Sigmund closely misses you.
Sigmund points at you and mumbles some strange words.
The magic dart hits you!
Sigmund hits you from afar with a +0 scythe.
The dart slug launches a dart at you. The slug dart misses you.
You feel less confused.
Sigmund says, "Don't worry, I'll kill you fast."
Sigmund hits you from afar with a +0 scythe!
You die...
Sigmund begins carving another notch in his scythe.

.. .# ##### .#
#...#####.#
###.........#
#....(..#..###
#.##.........#####
#.##......@w......
#
#.##...####...#...
. #.#....#.g#@.##
. #......#..#...#
. #......#+##.....
... #
#............####
#.. .
#............# #.#
##.......##### #.#
##...#### #.#


You could see Sigmund and a dart slug.

Vanquished Creatures
  A gnoll (D:1)
  2 adders (D:2)
  A dart slug (D:1)
  2 bats (D:1)
  2 endoplasms (D:1)
  A giant cockroach (D:2)
  A goblin (D:1)
  5 hobgoblins
  2 ball pythons (D:1)
  2 frilled lizards (D:1)
  4 kobolds
  2 rats (D:1)
25 creatures vanquished.

Notes
Turn   | Place    | Note
-------+----------+-------------------------------------------
     0 | D:1      | qw the Gargoyle Hunter began the quest for the Orb.
     0 | D:1      | Reached XP level 1. HP: 12/12 MP: 1/1
     0 | D:1      | 0 ||| qw: Version: 0.3-a-83-gcd0e7d8
     0 | D:1      | 0 ||| qw: Game counter: 1756
     0 | D:1      | 0 ||| qw: Melee chars always use a shield: true
     0 | D:1      | 0 ||| qw: God list: Okawaru
     0 | D:1      | 0 ||| qw: Allow faded altars: false
     0 | D:1      | 0 ||| qw: Do Orc after clearing Dungeon:15 true
     0 | D:1      | 0 ||| qw: Do second Lair branch before Depths: true
     0 | D:1      | 0 ||| qw: Lair rune preference: random
     0 | D:1      | 0 ||| qw: Goals: Normal
     0 | D:1      | 0 ||| PLANNING D:1-11
    95 | D:1      | You fall into a shaft and drop 1 floor!
   129 | D:2      | Found a blossoming altar of Fedhas.
   176 | D:2      | Reached XP level 2. HP: 15/17 MP: 2/2
   245 | D:2      | 245 ||| READING scroll labelled TAFFIN COASCHIO.
   246 | D:2      | 246 ||| DROPPING scroll of butterflies.
   262 | D:1      | HP: 3/17 [hobgoblin (4)]
   265 | D:1      | Reached XP level 3. HP: 2/21 MP: 3/3
   270 | D:1      | Reached skill level 5 in Ranged Weapons
  1132 | D:1      | Reached skill level 3 in Fighting
  1278 | D:1      | 1278 ||| UPGRADING to +0 pair of gloves.
  1283 | D:1      | 1283 ||| UPGRADING to ring of positive energy.
  1284 | D:1      | 1284 ||| READING scroll labelled YSTRYC LAPP.
  1287 | D:1      | 1287 ||| READING 3 scrolls labelled WOEPETIDOU.
  1288 | D:1      | 1288 ||| READING scroll labelled YLUSUDWU SOCIEFF.
  1289 | D:1      | 1289 ||| DRINKING 2 amethyst potions.
  1290 | D:1      | 1290 ||| READING 2 scrolls of identify.
  1290 | D:1      | 1290 ||| IDENTIFYING sedimented white potion
  1398 | D:2      | Noticed Sigmund
  1408 | D:2      | Slain by Sigmund

Levels and vault maps discovered:
D:1:      minmay_arrival_widening_spiral_narrow, layout_basic,
          minmay_close_crescents
D:2:      layout_loops_cross, basic_altar, corexii_shack,
          hangedman_abyss_or_decor_stabs, chequers_big_river, uniq_sigmund

Skill      XL: |  1  2  3 |
---------------+----------+-----
Ranged Weapons | 5 |  5.0
Fighting       | 3 |  3.2
Dodging        | |  1.5
Stealth        | |  1.1

Action                     || total
---------------------------++-------
   Fire: Shortbow          ||    83
    Use: Scroll            ||     5
         Potion            ||     1
 Armour: Leather armour    ||    34
  Dodge: Dodged            ||    34

Table legend:
 A = Non-vault XP
 B = Vault XP
 C = Vault XP percentage of total XP
 D = Non-vault monster count
 E = Vault monster count
 F = Vault count percentage of total count
                 A         B        C        D         E       F
            +---------+---------+-------+---------+---------+-------
      Total |      70 |      11 |  13.6 |      20 |       5 |  20.0
            +---------+---------+-------+---------+---------+-------
        D:1 |      38 |      11 |  22.4 |      15 |       5 |  25.0
        D:2 |      32 |       0 |   0.0 |       5 |       0 |   0.0
            +---------+---------+-------+---------+---------+-------
